| TOP OF THE 1ST |
|
Arizona State University Sun Devils batting - Pitching for California State University at Fullerton Titans : LHP Malcolm Mcquade
|
|
Pitching: LHP Malcolm Mcquade
|
|
|
Batting: LHB Eric Russell
|
0-0: Ball 1-0: Ball 2-0: SINGLE (Line Drive, 3D, EV 103.1 MPH)
|
|
Batting: RHB Rusty Gee
|
0-0: Called Strike 0-1: Ball Eric Russell steals 2nd base 1-1: Ball 2-1: Foul Ball, location: 2F 2-2: DOUBLE (Flyball, 78D, EV 88.8 MPH) Eric Russell scores
|
|
Batting: LHB Randy Marquez
|
0-0: Ball 1-0: Fly out, F9 (Flyball, 9D, EV 102.5 MPH) Runner from 2nd tags up, SAFE at 3rd, no throw by RF
|
|
Batting: SHB Manny Aponte
|
0-0: Foul Ball, location: 2F 0-1: Foul Ball, location: 2F 0-2: Ball 1-2: Ball 2-2: Ball 3-2: Fly out, F8 (Flyball, 8RM, EV 97.5 MPH) Runner from 3rd tags up, OUT at HOME! 8-2
|
| Top of the 1st over - 1 run, 2 hits, 0 errors, 0 left on base; Arizona State University 1 - California State University at Fullerton 0 |
| BOTTOM OF THE 1ST |
|
California State University at Fullerton Titans batting - Pitching for Arizona State University Sun Devils : RHP Luis Escajeda
|
|
Pitching: RHP Luis Escajeda
|
|
|
Batting: LHB Mike Fernandez
|
0-0: Foul Ball, location: 2F 0-1: Foul Ball, location: 2F 0-2: Ball 1-2: Ball 2-2: Ground out 6-3 (Groundball, 6, EV 86.2 MPH)
|
|
Batting: LHB Jim Snell
|
0-0: Called Strike 0-1: Swinging Strike 0-2: Ball 1-2: Ball 2-2: Strikes out swinging
|
|
Batting: RHB Simon Sultzbach
|
0-0: DOUBLE (Groundball, 5L, EV 105.0 MPH)
|
|
Batting: LHB Alberto Aguilar
|
0-0: Swinging Strike 0-1: Ball 1-1: Ball 2-1: Ball 3-1: Called Strike 3-2: Foul Ball, location: 2F 3-2: Strikes out looking
|
| Bottom of the 1st over - 0 runs, 1 hit, 0 errors, 1 left on base; Arizona State University 1 - California State University at Fullerton 0 |
| TOP OF THE 2ND |
|
Arizona State University Sun Devils batting - Pitching for California State University at Fullerton Titans : LHP Malcolm Mcquade
|
|
Batting: RHB John Burgis
|
0-0: Ball 1-0: Called Strike 1-1: Ground out 3-1 (Groundball, 34, EV 87.5 MPH)
|
|
Batting: LHB Dustin Gill
|
0-0: Fly out, F8 (Flyball, 89M, EV 91.9 MPH)
|
|
Batting: RHB Carl Evans
|
0-0: SINGLE (Groundball, 6S, EV 94.4 MPH)
|
|
Batting: LHB Burraga Iukini
|
0-0: Ball 1-0: Foul Ball, location: 2F 1-1: Foul Ball, location: 2F 1-2: Ground out 4-3 (Groundball, 4, EV 98.8 MPH)
|
| Top of the 2nd over - 0 runs, 1 hit, 0 errors, 1 left on base; Arizona State University 1 - California State University at Fullerton 0 |
| BOTTOM OF THE 2ND |
|
California State University at Fullerton Titans batting - Pitching for Arizona State University Sun Devils : RHP Luis Escajeda
|
|
Batting: RHB Justin Thomas
|
0-0: Ball 1-0: Foul Ball, location: 2F 1-1: Called Strike 1-2: Strikes out swinging
|
|
Batting: LHB John Blumberg
|
0-0: Ball 1-0: Called Strike 1-1: Called Strike 1-2: Ball 2-2: Strikes out swinging
|
|
Batting: LHB Steve Lane
|
0-0: Ball 1-0: DOUBLE (Flyball, 8RXD, EV 99.4 MPH)
|
|
Batting: SHB John Loechel
|
0-0: Swinging Strike 0-1: Ball 1-1: Swinging Strike 1-2: Strikes out looking
|
| Bottom of the 2nd over - 0 runs, 1 hit, 0 errors, 1 left on base; Arizona State University 1 - California State University at Fullerton 0 |
| TOP OF THE 3RD |
|
Arizona State University Sun Devils batting - Pitching for California State University at Fullerton Titans : LHP Malcolm Mcquade
|
|
Batting: LHB Timon Giorgiou
|
0-0: Ball 1-0: Reached via error on a dropped throw from P, E3 (Groundball, 13, EV 68.1 MPH)
|
|
Batting: LHB Eric Russell
|
0-0: Called Strike Timon Giorgiou steals 2nd base (no throw) 0-1: Fly out, F8 (Line Drive, 78D, EV 91.2 MPH)
|
|
Batting: RHB Rusty Gee
|
0-0: Called Strike Timon Giorgiou steals 3rd base 0-1: Ground out 5-3 (Groundball, 56, EV 81.2 MPH) Timon Giorgiou scores
|
|
Batting: LHB Randy Marquez
|
0-0: Called Strike 0-1: Ball 1-1: SOLO HOME RUN (Flyball, 9D, EV 98.1 MPH), Distance : 374 ft
|
|
Batting: SHB Manny Aponte
|
0-0: Called Strike 0-1: Called Strike 0-2: DOUBLE (Line Drive, 89XD, EV 101.9 MPH)
|
|
Batting: RHB John Burgis
|
0-0: Ball 1-0: SINGLE (Line Drive, 3D, EV 106.9 MPH) Manny Aponte to third Runner from 3rd tries for Home, throw by RF and OUT! 9-2
|
| Top of the 3rd over - 2 runs, 3 hits, 1 error, 1 left on base; Arizona State University 3 - California State University at Fullerton 0 |
| BOTTOM OF THE 3RD |
|
California State University at Fullerton Titans batting - Pitching for Arizona State University Sun Devils : RHP Luis Escajeda
|
|
Batting: RHB Alex Freyre
|
0-0: Ball 1-0: Ball 2-0: Foul Ball, location: 2F 2-1: Ground out U3 (Groundball, 34, EV 95.0 MPH)
|
|
Batting: LHB Mike Fernandez
|
0-0: Ball 1-0: Ball 2-0: Foul Ball, location: 2F 2-1: Ball 3-1: Base on Balls
|
|
Batting: LHB Jim Snell
|
0-0: Fly out, F9 (Flyball, 89S, EV 85.6 MPH)
|
|
Batting: RHB Simon Sultzbach
|
0-0: Called Strike 0-1: Ball 1-1: Ball 2-1: Swinging Strike 2-2: Fly out, F9 (Line Drive, 9S, EV 97.5 MPH)
|
| Bottom of the 3rd over - 0 runs, 0 hits, 0 errors, 1 left on base; Arizona State University 3 - California State University at Fullerton 0 |
| TOP OF THE 4TH |
|
Arizona State University Sun Devils batting - Pitching for California State University at Fullerton Titans : LHP Malcolm Mcquade
|
|
Batting: LHB Dustin Gill
|
0-0: Called Strike 0-1: Ball 1-1: Ball 2-1: Foul Ball, location: 2F 2-2: Ball 3-2: Base on Balls
|
|
Batting: RHB Carl Evans
|
0-0: Swinging Strike 0-1: Foul Ball, location: 2F 0-2: Strikes out swinging
|
|
Batting: LHB Burraga Iukini
|
0-0: Swinging Strike 0-1: Ball 1-1: Foul Ball, location: 2F 1-2: Ball 2-2: Fielders Choice at 2nd, 2-6 (Groundball, 13S, EV 66.9 MPH)
|
|
Batting: LHB Timon Giorgiou
|
0-0: Called Strike 0-1: Foul Ball, location: 2F 0-2: Strikes out swinging
|
| Top of the 4th over - 0 runs, 0 hits, 0 errors, 1 left on base; Arizona State University 3 - California State University at Fullerton 0 |
| BOTTOM OF THE 4TH |
|
California State University at Fullerton Titans batting - Pitching for Arizona State University Sun Devils : RHP Luis Escajeda
|
|
Batting: LHB Alberto Aguilar
|
0-0: Called Strike 0-1: Ground out U3 (Groundball, 3, EV 102.5 MPH)
|
|
Batting: RHB Justin Thomas
|
0-0: Swinging Strike 0-1: Ball 1-1: Foul Ball, location: 2F 1-2: Strikes out swinging
|
|
Batting: LHB John Blumberg
|
0-0: Ball 1-0: Foul Ball, location: 2F 1-1: Ball 2-1: Foul Ball, location: 2F 2-2: Ball 3-2: Strikes out swinging
|
| Bottom of the 4th over - 0 runs, 0 hits, 0 errors, 0 left on base; Arizona State University 3 - California State University at Fullerton 0 |
| TOP OF THE 5TH |
|
Arizona State University Sun Devils batting - Pitching for California State University at Fullerton Titans : LHP Malcolm Mcquade
|
|
Batting: LHB Eric Russell
|
0-0: Called Strike 0-1: Fly out, F7 (Flyball, 7, EV 80.0 MPH)
|
|
Batting: RHB Rusty Gee
|
0-0: Called Strike 0-1: Swinging Strike 0-2: Strikes out swinging
|
|
Batting: LHB Randy Marquez
|
0-0: Fly out, F5 (Popup, 6S, EV 73.8 MPH)
|
| Top of the 5th over - 0 runs, 0 hits, 0 errors, 0 left on base; Arizona State University 3 - California State University at Fullerton 0 |
| BOTTOM OF THE 5TH |
|
California State University at Fullerton Titans batting - Pitching for Arizona State University Sun Devils : RHP Luis Escajeda
|
|
Batting: LHB Steve Lane
|
0-0: Foul Ball, location: 2F 0-1: Ball 1-1: Ball 2-1: Ball 3-1: Foul Ball, location: 2F 3-2: Ground out 4-3 (Groundball, 4, EV 90.0 MPH)
|
|
Batting: SHB John Loechel
|
0-0: Swinging Strike 0-1: Ball 1-1: Called Strike 1-2: Ball 2-2: Strikes out swinging
|
|
Batting: RHB Alex Freyre
|
0-0: Called Strike 0-1: Ball 1-1: Ball 2-1: Swinging Strike 2-2: Foul Ball, location: 2F 2-2: Strikes out swinging
|
| Bottom of the 5th over - 0 runs, 0 hits, 0 errors, 0 left on base; Arizona State University 3 - California State University at Fullerton 0 |
| TOP OF THE 6TH |
|
Arizona State University Sun Devils batting - Pitching for California State University at Fullerton Titans : LHP Malcolm Mcquade
|
|
Batting: SHB Manny Aponte
|
0-0: Called Strike 0-1: Swinging Strike 0-2: Ball 1-2: Ball 2-2: Foul Ball, location: 2F 2-2: SINGLE (Groundball, 6MD, EV 94.4 MPH)
|
|
Batting: RHB John Burgis
|
0-0: Ball 1-0: Ball 2-0: Foul Ball, location: 2F 2-1: Foul Ball, location: 2F 2-2: Fielders Choice at 2nd, 5-4 (Groundball, 56, EV 82.5 MPH)
|
|
Batting: LHB Dustin Gill
|
0-0: Called Strike 0-1: Ball 1-1: Reached on error, E1 (Groundball, P, EV 63.8 MPH) John Burgis to second
|
|
Pitching: LHP David Garcia
|
|
|
Batting: RHB Carl Evans
|
0-0: Ball 1-0: Fly out, F3 (Line Drive, 3L, EV 71.9 MPH)
|
|
Batting: LHB Burraga Iukini
|
0-0: SINGLE (Groundball, 56, EV 95.0 MPH) John Burgis to third Dustin Gill to second Runner from 3rd tries for Home, SAFE, throw by LF to home
|
|
Batting: LHB Timon Giorgiou
|
0-0: Fly out, F8 (Flyball, 8RD, EV 99.4 MPH)
|
| Top of the 6th over - 1 run, 2 hits, 1 error, 2 left on base; Arizona State University 4 - California State University at Fullerton 0 |
| BOTTOM OF THE 6TH |
|
California State University at Fullerton Titans batting - Pitching for Arizona State University Sun Devils : RHP Luis Escajeda
|
|
Pitching: RHP Josh Wolford
|
|
|
Batting: LHB Mike Fernandez
|
0-0: Ground out 6-3 (Groundball, 6MS, EV 71.2 MPH)
|
|
Batting: LHB Jim Snell
|
0-0: Called Strike 0-1: Ball 1-1: SINGLE (Groundball, 34D, EV 94.4 MPH)
|
|
Batting: RHB Simon Sultzbach
|
0-0: Ball Jim Snell steals 2nd base 1-0: Called Strike Jim Snell steals 3rd, throwing error, E2 Jim Snell scores 1-1: Foul Ball, location: 2F 1-2: Ball 2-2: Ball 3-2: Foul Ball, location: 2F 3-2: Fly out, F7 (Line Drive, 7S, EV 100.0 MPH)
|
|
Batting: LHB Alberto Aguilar
|
0-0: Ball 1-0: Foul Ball, location: 2F 1-1: Swinging Strike 1-2: Ball 2-2: Strikes out swinging
|
| Bottom of the 6th over - 1 run, 1 hit, 1 error, 0 left on base; Arizona State University 4 - California State University at Fullerton 1 |
| TOP OF THE 7TH |
|
Arizona State University Sun Devils batting - Pitching for California State University at Fullerton Titans : LHP David Garcia
|
|
Pitching: RHP Mario Viera
|
|
|
Batting: LHB Eric Russell
|
0-0: Called Strike 0-1: Ground out 5-3 (Groundball, 56S, EV 60.6 MPH)
|
|
Batting: RHB Rusty Gee
|
0-0: Ball 1-0: Ball 2-0: Ball 3-0: Called Strike 3-1: Foul Ball, location: 2F 3-2: Ground out 6-3 (Groundball, 6S, EV 65.0 MPH)
|
|
Batting: LHB Randy Marquez
|
0-0: Called Strike 0-1: Reached on error, E4 (Groundball, 4, EV 86.9 MPH)
|
|
Batting: SHB Manny Aponte
|
0-0: Foul Ball, location: 2F 0-1: Foul Ball, location: 2F 0-2: Ball 1-2: Ball 2-2: Hit by Pitch Randy Marquez to second
|
|
Batting: RHB John Burgis
|
0-0: Ball 1-0: Foul Ball, location: 2F 1-1: Swinging Strike 1-2: Strikes out looking
|
| Top of the 7th over - 0 runs, 0 hits, 1 error, 2 left on base; Arizona State University 4 - California State University at Fullerton 1 |
| BOTTOM OF THE 7TH |
|
California State University at Fullerton Titans batting - Pitching for Arizona State University Sun Devils : RHP Josh Wolford
|
|
Pitching: RHP Bill Dominguez
|
|
|
Batting: RHB Justin Thomas
|
0-0: Ball 1-0: Called Strike 1-1: Called Strike 1-2: Ball 2-2: Foul Ball, location: 2F 2-2: Foul Ball, location: 2F 2-2: Foul Ball, location: 2F 2-2: Ball 3-2: Base on Balls
|
|
Pitching: LHP Nick Segar
|
|
|
Batting: LHB John Blumberg
|
0-0: Grounds into double play, 4-6-3 (Groundball, 4, EV 91.2 MPH)
|
|
Batting: LHB Steve Lane
|
0-0: Called Strike 0-1: Ball 1-1: Called Strike 1-2: Ball 2-2: Ground out 3-1 (Groundball, 34, EV 81.9 MPH)
|
| Bottom of the 7th over - 0 runs, 0 hits, 0 errors, 0 left on base; Arizona State University 4 - California State University at Fullerton 1 |
| TOP OF THE 8TH |
|
Arizona State University Sun Devils batting - Pitching for California State University at Fullerton Titans : RHP Mario Viera
|
|
Pitching: RHP Tyler Van der Lugt
|
|
|
Batting: LHB Dustin Gill
|
0-0: Ball 1-0: Called Strike 1-1: Swinging Strike 1-2: Foul Ball, location: 2F 1-2: DOUBLE (Line Drive, 5D, EV 100.6 MPH)
|
|
Batting: RHB Carl Evans
|
0-0: Swinging Strike 0-1: Ball 1-1: Ground out 3-1 (Groundball, 13, EV 87.5 MPH) Dustin Gill to third
|
|
Batting: LHB Burraga Iukini
|
0-0: Intentional Walk
|
|
Batting: LHB Timon Giorgiou
|
0-0: Foul Ball, location: 2F 0-1: Swinging Strike 0-2: Strikes out swinging
|
|
Batting: LHB Eric Russell
|
0-0: Ball 1-0: SINGLE (Line Drive, 8LM, EV 85.6 MPH) Dustin Gill scores Burraga Iukini to second
|
|
Batting: RHB Rusty Gee
|
0-0: Ball 1-0: Swinging Strike 1-1: Swinging Strike 1-2: Foul Ball, location: 2F 1-2: Reached on error, E6 (Groundball, 6S, EV 83.1 MPH) Burraga Iukini scores Eric Russell to third
|
|
Batting: LHB Randy Marquez
|
0-0: Ball 1-0: Foul Ball, location: 2F 1-1: Ball 2-1: Swinging Strike 2-2: Ball 3-2: Strikes out swinging
|
| Top of the 8th over - 2 runs, 2 hits, 1 error, 2 left on base; Arizona State University 6 - California State University at Fullerton 1 |
| BOTTOM OF THE 8TH |
|
California State University at Fullerton Titans batting - Pitching for Arizona State University Sun Devils : LHP Nick Segar
|
|
Pitching: RHP Hector Morales
|
|
|
Batting: SHB John Loechel
|
0-0: Ball 1-0: Ball 2-0: Called Strike 2-1: Swinging Strike 2-2: Fly out, F6 (Line Drive, 6M, EV 73.1 MPH)
|
|
Batting: RHB Alex Freyre
|
0-0: Called Strike 0-1: Foul Ball, location: 2F 0-2: Strikes out swinging
|
|
Batting: LHB Mike Fernandez
|
0-0: Ball 1-0: Ball 2-0: Called Strike 2-1: SINGLE (Groundball, 3D, EV 103.1 MPH)
|
|
Batting: LHB Jim Snell
|
0-0: Ball 1-0: Ball 2-0: Called Strike 2-1: SINGLE (Groundball, 6M, EV 102.5 MPH) Mike Fernandez to second
|
|
Batting: RHB Simon Sultzbach
|
0-0: Ball Wild Pitch! Mike Fernandez to third Jim Snell to second 1-0: Called Strike 1-1: Foul Ball, location: 2F 1-2: Ball 2-2: Foul Ball, location: 2F 2-2: Ball 3-2: Foul Ball, location: 2F 3-2: Fly out, F9 (Flyball, 9S, EV 90.6 MPH)
|
| Bottom of the 8th over - 0 runs, 2 hits, 0 errors, 2 left on base; Arizona State University 6 - California State University at Fullerton 1 |
| TOP OF THE 9TH |
|
Arizona State University Sun Devils batting - Pitching for California State University at Fullerton Titans : RHP Tyler Van der Lugt
|
|
Pitching: RHP T.J. Keenan
|
|
|
Batting: SHB Manny Aponte
|
0-0: Ground out 5-3 (Groundball, 56, EV 100.6 MPH)
|
|
Batting: RHB John Burgis
|
0-0: Swinging Strike 0-1: Swinging Strike 0-2: Ball 1-2: Ball 2-2: Foul Ball, location: 2F 2-2: DOUBLE (Flyball, 78XD, EV 109.4 MPH)
|
|
Batting: LHB Dustin Gill
|
0-0: Swinging Strike 0-1: Called Strike 0-2: Strikes out looking
|
|
Batting: RHB Carl Evans
|
0-0: Called Strike 0-1: Called Strike 0-2: Ball 1-2: Strikes out swinging passed ball, reaches first! John Burgis to third
|
|
Batting: LHB Burraga Iukini
|
0-0: Called Strike 0-1: Ball 1-1: Foul Ball, location: 2F 1-2: Ball 2-2: Foul Ball, location: 2F 2-2: Ball 3-2: Strikes out swinging
|
| Top of the 9th over - 0 runs, 1 hit, 0 errors, 2 left on base; Arizona State University 6 - California State University at Fullerton 1 |
| BOTTOM OF THE 9TH |
|
California State University at Fullerton Titans batting - Pitching for Arizona State University Sun Devils : RHP Hector Morales
|
|
Batting: LHB Alberto Aguilar
|
0-0: Called Strike 0-1: Swinging Strike 0-2: Strikes out looking
|
|
Batting: RHB Justin Thomas
|
0-0: Called Strike 0-1: Ball 1-1: DOUBLE (Line Drive, 9LS, EV 115.0 MPH)
|
|
Batting: LHB John Blumberg
|
0-0: Ball 1-0: Fly out, F6 (Popup, 6, EV 65.0 MPH)
|
|
Batting: LHB Steve Lane
|
0-0: Foul Ball, location: 2F 0-1: Ball 1-1: Ball 2-1: Ball 3-1: Called Strike 3-2: Foul Ball, location: 2F 3-2: Strikes out swinging
|
| Bottom of the 9th over - 0 runs, 1 hit, 0 errors, 1 left on base; Arizona State University 6 - California State University at Fullerton 1 |
|